 Dungeon Sprint DCSS version 0.21.1-1-g345015f (webtiles) character file.

8900000 Fang the Axe Maniac (level 27, -24/273 HPs)
             Began as a Minotaur Gladiator on May 3, 2018.
             Was the Champion of Makhleb.
             Killed by the air
             ... invoked by a tyrant
              (33 damage)
             ... in the Dungeon (Sprint VIII: "Arena of Blood").
             The game lasted 00:01:14 (89 turns).

Fang the Axe Maniac (Minotaur Gladiator)              Turns: 89, Time: 00:01:15

Health: -24/273    AC:  6    Str: 29    XL:     27
Magic:  32/53      EV: 32    Int:  5    God:    Makhleb [******]
Gold:   0          SH:  0    Dex: 15    Spells: 80/80 levels left

rFire    . . .     SeeInvis .   l - +∞ Axe of Woe
rCold    . . .     Gourm    .   (shield currently unavailable)
rNeg     . . .     Faith    .   b - +0 leather armour
rPois    .         Spirit   .   c - +0 hat
rElec    .         Reflect  .   (no cloak)
rCorr    .         Harm     .   (no gloves)
MR       ++...     NoTele   +   (no boots)
Stlth    +++++++++.             (no amulet)
HPRegen  0.55/turn              (no ring)
MPRegen  0.33/turn              (no ring)

@: no status effects
A: retaliatory headbutt, horns 2
a: Minor Destruction, Lesser Servant of Makhleb, Major Destruction, Greater
Servant of Makhleb, Renounce Religion


You were in the Dungeon.
You worshipped Makhleb.
Makhleb was exalted by your worship.
You were not hungry.

You visited 1 branch

Inventory:

Hand Weapons
 a - a +0 war axe
 l - the +∞ Axe of Woe (weapon)
   (You found it in the Dungeon)
Missiles
 d - 3 throwing nets (quivered)
Armour
 b - a +0 leather armour (worn)
 c - a +0 hat (worn)
Scrolls
 k - a scroll of blinking
Potions
 e - a potion of curing
 g - a potion of heal wounds
 h - a potion of haste
 i - 2 potions of magic
 j - a potion of berserk rage
Comestibles
 f - a ration


   Skills:
 O Level 27 Fighting
 O Level 27 Axes
 O Level 27 Throwing
 O Level 27 Armour
 O Level 27 Dodging
 O Level 27 Stealth
 O Level 27 Unarmed Combat
 O Level 27 Spellcasting
 O Level 27 Invocations


You had 80 spell levels left.
You didn't know any spells.

Dungeon Overview and Level Annotations

Branches:
Dungeon (1/1)

Altars:
Makhleb

Annotations:
D The Captor


Innate Abilities, Weirdness & Mutations

You reflexively headbutt those who attack you in melee.
You have a pair of horns on your head.


Message History

You kill the meat berserker!
Makhleb accepts your kill.
You feel better.
You hear a shout! x3
The accursed gestures at you while chanting.
Something smites you!
* * * LOW HITPOINT WARNING * * *
The meat berserker rages.
You hear a shout!
A vampire knight and a skeletal warrior come into view.
The destroyer is wielding a +9 great sword of slicing.
A meat berserker comes into view. It is wielding a +9 battleaxe.
You hear a shout!
The meat berserker hits you with a +9 battleaxe!!!
* * * LOW HITPOINT WARNING * * *
You hear a shout!
The meat berserker rages.
The tyrant waves its bony arms in wide circles.
The air twists around and strikes you!
You die...

#..V #... ...# ..
..oV###... ...###...
.........###....2...
.#..L....._..)......
....Oo.#..o.)# o....
....M2O#_.<._#......
.z...O.#)))..#..%...
#L.@.)O)._)))......
.Voo.%..@###))......
...W###WO2.)))###...
... #%......# .. .
#.......#
.......D...
...........
...........
...O.......##


You could see an accursed, 2 meat beasts, 2 tyrants, an eight-headed meat hydra,
2 destroyers, a sculptor of flesh, 2 dreads, The Captor, 6 meat berserkers and 5
bags of meat.

Vanquished Creatures
  2 hell beasts (D)
  A greater mummy (D)
  A wraith (D)
  14 vampire knights (D)
  30 ogres (D)
  6 two-headed ogres (D)
  A lich (D)
  62 orcs (D)
  4 skeletal warriors (D)
  5 large abominations (D)
  4 small abominations (D)
  12 crawling corpses (D)
142 creatures vanquished.

Vanquished Creatures (others)
  2 crawling corpses (D)
2 creatures vanquished.

Grand Total: 144 creatures vanquished

Notes
Turn   | Place    | Note
-------+----------+-------------------------------------------
     0 | D        | Found the +∞ Axe of Woe
     0 | D        | Fang the Minotaur Gladiator began the quest for the Orb.
     0 | D        | Reached XP level 1. HP: 18/18 MP: 0/0
     4 | D        | Became a worshipper of Makhleb the Destroyer
     6 | D        | Noticed a meat berserker
     7 | D        | Noticed a meat berserker
     7 | D        | Noticed a bag of meat
     8 | D        | Noticed a meat berserker
     8 | D        | Killed a meat berserker
     8 | D        | Reached XP level 2. HP: 45/45 MP: 1/1
     8 | D        | Reached XP level 3. HP: 51/51 MP: 2/2
     8 | D        | Reached XP level 4. HP: 59/59 MP: 3/3
     8 | D        | Reached XP level 5. HP: 66/66 MP: 4/4
     8 | D        | Reached XP level 6. HP: 73/73 MP: 5/5
     8 | D        | Reached XP level 7. HP: 80/80 MP: 6/6
     8 | D        | Reached XP level 8. HP: 88/88 MP: 7/7
     8 | D        | Reached XP level 9. HP: 94/94 MP: 8/8
     8 | D        | Reached XP level 10. HP: 102/102 MP: 9/9
     8 | D        | Reached XP level 11. HP: 108/108 MP: 10/10
     8 | D        | Reached XP level 12. HP: 116/116 MP: 11/11
     8 | D        | Reached XP level 13. HP: 123/123 MP: 12/12
     9 | D        | Noticed a bag of meat
     9 | D        | Noticed a bag of meat
    10 | D        | Killed a meat berserker
    10 | D        | Reached * piety under Makhleb
    10 | D        | Reached skill level 27 in Axes
    10 | D        | Reached XP level 14. HP: 92/138 MP: 13/13
    11 | D        | Noticed a bag of meat
    12 | D        | Killed a meat berserker
    12 | D        | Reached skill level 5 in Armour
    12 | D        | Reached skill level 27 in Dodging
    12 | D        | Reached XP level 15. HP: 62/155 MP: 14/14
    14 | D        | Reached ** piety under Makhleb
    15 | D        | Reached skill level 10 in Armour
    15 | D        | Reached XP level 16. HP: 180/180 MP: 15/15
    16 | D        | Reached skill level 27 in Fighting
    18 | D        | Reached *** piety under Makhleb
    19 | D        | Noticed a meat berserker
    19 | D        | Noticed a meat berserker
    19 | D        | Noticed a meat berserker
    21 | D        | Noticed a meat berserker
    21 | D        | Noticed a meat berserker
    21 | D        | Reached skill level 27 in Throwing
    21 | D        | Reached XP level 17. HP: 191/191 MP: 16/16
    22 | D        | Killed a meat berserker
    22 | D        | Noticed a large bag of meat
    23 | D        | Noticed a meat berserker
    23 | D        | Killed a meat berserker
    23 | D        | Reached **** piety under Makhleb
    23 | D        | Reached skill level 27 in Armour
    23 | D        | Reached XP level 18. HP: 200/200 MP: 17/17
    23 | D        | Noticed a large bag of meat
    24 | D        | Noticed a meat berserker
    24 | D        | Noticed a large bag of meat
    24 | D        | Reached skill level 15 in Unarmed Combat
    24 | D        | Reached skill level 10 in Spellcasting
    24 | D        | Reached skill level 15 in Invocations
    25 | D        | Noticed a meat berserker
    25 | D        | Killed a meat berserker
    25 | D        | Reached ***** piety under Makhleb
    25 | D        | Reached XP level 19. HP: 207/207 MP: 17/35
    25 | D        | Reached skill level 15 in Spellcasting
    25 | D        | Noticed a destroyer
    26 | D        | Noticed a destroyer
    26 | D        | Noticed a meat berserker
    26 | D        | Killed a meat berserker
    26 | D        | Reached XP level 20. HP: 216/216 MP: 17/40
    27 | D        | Killed a meat berserker
    28 | D        | Killed a meat berserker
    28 | D        | Reached skill level 27 in Unarmed Combat
    28 | D        | Reached XP level 21. HP: 224/224 MP: 17/43
    29 | D        | Reached ****** piety under Makhleb
    29 | D        | Reached skill level 27 in Invocations
    30 | D        | Killed a destroyer
    30 | D        | Reached skill level 27 in Stealth
    31 | D        | Killed a large bag of meat
    31 | D        | Reached skill level 27 in Spellcasting
    31 | D        | Reached XP level 22. HP: 221/233 MP: 18/52
    33 | D        | Reached XP level 23. HP: 240/240 MP: 18/53
    34 | D        | Noticed a destroyer
    34 | D        | Killed a large bag of meat
    35 | D        | Noticed a large bag of meat
    35 | D        | Killed a destroyer
    35 | D        | Reached XP level 24. HP: 220/249 MP: 19/53
    36 | D        | Noticed a destroyer
    36 | D        | Noticed a destroyer
    36 | D        | Killed a large bag of meat
    36 | D        | Killed a destroyer
    36 | D        | Reached XP level 25. HP: 257/257 MP: 19/53
    37 | D        | Noticed a destroyer
    40 | D        | Killed a destroyer
    40 | D        | Reached XP level 26. HP: 251/266 MP: 20/53
    41 | D        | Killed a destroyer
    41 | D        | Noticed a large bag of meat
    42 | D        | Noticed a destroyer
    43 | D        | Noticed a large bag of meat
    43 | D        | Reached XP level 27. HP: 273/273 MP: 21/53
    43 | D        | Noticed a destroyer
    43 | D        | Noticed a destroyer
    45 | D        | Killed a destroyer
    45 | D        | Killed a large bag of meat
    46 | D        | Noticed a destroyer
    48 | D        | Killed a destroyer
    50 | D        | Noticed a destroyer
    50 | D        | Killed a large bag of meat
    51 | D        | Noticed a destroyer
    51 | D        | Killed a large bag of meat
    52 | D        | Noticed a destroyer
    52 | D        | Noticed a destroyer
    52 | D        | Killed a destroyer
    53 | D        | Killed a destroyer
    53 | D        | Killed a destroyer
    53 | D        | Killed a destroyer
    56 | D        | Killed a destroyer
    57 | D        | Noticed an accursed
    57 | D        | Killed a destroyer
    61 | D        | Killed a destroyer
    62 | D        | Killed an accursed
    64 | D        | Noticed a meat beast
    66 | D        | Noticed a tyrant
    71 | D        | Noticed a dread
    71 | D        | Killed a meat beast
    77 | D        | Killed a tyrant
    79 | D        | Noticed a dread
    81 | D        | Noticed a meat beast
    83 | D        | Noticed an accursed
    83 | D        | Noticed The Captor
    83 | D        | Killed a meat beast
    84 | D        | Noticed a dread
    84 | D        | Noticed a tyrant
    84 | D        | Noticed a tyrant
    84 | D        | Noticed a dread
    85 | D        | Noticed a meat beast
    85 | D        | Killed a dread
    86 | D        | Noticed a destroyer
    87 | D        | Noticed a meat beast
    87 | D        | HP: 4/273 [meat berserker/+9 battleaxe (34)]
    89 | D        | Noticed a destroyer
    89 | D        | Killed from afar by a tyrant

Skill      XL: |  1  2  3  4  5  6  7  8  9 10 11 12 13 14 15 16 17 18 19 20 21 |
---------------+----------------------------------------------------------------+-----
Fighting       | 13 16 19 25 27 | 27.0
Axes           | 23 27 | 27.0
Throwing       | 11 13 16 21 27 | 27.0
Dodging        | 21 24 27 | 27.0
Armour         | 5 10 17 27 | 27.0
Stealth        | 16 21 24 27 | 27.0
Unarmed Combat | 19 24 27 | 27.0
Spellcasting   | 13 17 19 27 | 27.0
Invocations    | 18 22 26 27 | 27.0

Action                   |  1- 3 |  4- 6 |  7- 9 | 10-12 | 13-15 | 16-18 | 19-21 | 22-24 | 25-27 || total
-------------------------+-------+-------+-------+-------+-------+-------+-------+-------+-------++-------
Melee: Executioner's axe |     1 |       |       |       |     4 |     7 |     6 |     5 |    46 ||    69
Armor: Leather armour    |       |       |       |       |       |       |       |       |     1 ||     1
Dodge: Dodged            |       |       |       |       |     1 |       |       |       |     7 ||     8
